 Dungeon Crawl Stone Soup version 0.21.1-1-g345015f (webtiles) character file.

104 kaesh the Shield-Bearer (level 5, -1/42 HPs)
             Began as a Formicid Fighter on June 9, 2018.
             Slain by chorionicmirror's ghost (4 damage)
             ... on level 3 of the Dungeon.
             The game lasted 00:05:51 (1804 turns).

kaesh the Shield-Bearer (Formicid Fighter)          Turns: 1804, Time: 00:05:52

Health: -1/42      AC:  7    Str: 21    XL:     5   Next: 7%
Magic:  5/5        EV:  6    Int:  8    God:
Gold:   78         SH: 14    Dex: 10    Spells: 4/4 levels left

rFire    . . .     SeeInvis +   a - +1 war axe
rCold    . . .     Gourm    .   k - +0 large shield
rNeg     . . .     Faith    .   b - +0 scale mail
rPois    .         Spirit   .   (helmet unavailable)
rElec    .         Reflect  .   (no cloak)
rCorr    .         Harm     .   (no gloves)
MR       .....                  (no boots)
Stlth    ..........             (no amulet)
HPRegen  0.14/turn              (no ring)
MPRegen  0.09/turn              (no ring)

@: no status effects
A: permanent stasis, dig shafts and tunnels, four strong arms, antennae 3
a: Dig, Shaft Self


You were on level 3 of the Dungeon.
You were not hungry.

You visited 1 branch of the dungeon, and saw 3 of its levels.

You collected 78 gold pieces.

Inventory:

Hand Weapons
 a - a +1 war axe (weapon)
Armour
 b - a +0 scale mail (worn)
 c - a +0 shield
 k - a +0 large shield (worn)
Scrolls
 g - 4 scrolls of teleportation
 i - 2 scrolls of remove curse
 l - 2 scrolls of amnesia
 n - a scroll of random uselessness {unknown}
 o - a scroll of identify
Potions
 d - a potion of might
 e - 3 potions of heal wounds
 h - a potion of flight
 m - a potion of magic {unknown}
Comestibles
 f - 8 rations
 j - a chunk of flesh


   Skills:
 + Level 3.7 Fighting
 + Level 3.4 Axes
 + Level 3.7 Armour
 + Level 0.4 Dodging
 + Level 4.5 Shields


You had 4 spell levels left.
You didn't know any spells.

Dungeon Overview and Level Annotations

Branches:
Dungeon (3/15)

Altars:
Okawaru
Uskayaw

Annotations:
D:3 chorionicmirror's ghost, amateur DgCj


Innate Abilities, Weirdness & Mutations

You cannot be hasted, slowed, berserked, paralysed or teleported.
You can dig through walls and to a lower floor.
Your four strong arms can wield two-handed weapons with a shield.
You have a pair of large antennae on your head. (SInv)


Message History

Chorionicmirror's ghost is moderately damaged.
You block chorionicmirror's ghost's attack.
Chorionicmirror's ghost casts a spell at you.
The magic dart hits you!
* * * LOW HITPOINT WARNING * * *
You slash chorionicmirror's ghost!
Chorionicmirror's ghost is heavily damaged.
Chorionicmirror's ghost gestures at you while chanting.
The magic dart hits you!
Your shield and scale mail prevent you from hitting chorionicmirror's ghost.
Chorionicmirror's ghost is heavily damaged.
You block chorionicmirror's ghost's attack.
Chorionicmirror's ghost hits you but does no damage.
You closely miss chorionicmirror's ghost.
Chorionicmirror's ghost is heavily damaged.
You block chorionicmirror's ghost's attack.
You hit chorionicmirror's ghost but do no damage.
Chorionicmirror's ghost is heavily damaged.
Chorionicmirror's ghost hits you.
You die...

#####.#### #........#
#.###.##.# ##+##
#.##...#.## ##...##
#....#.!..# ##.....##
#.........###.......##
#.###.....##.........###
...........'..).@W...'..
#.###...#<##.).......###
#.# #..##.###.......##
#.........# ##.....##
#.###.###.# ##...## #..
... ..# ##'## #####.#
### #.# #.# #.#


You could see chorionicmirror's ghost.

Vanquished Creatures
  An orc wizard (D:3)
  2 adders
  An ooze (D:1)
  2 worms (D:2)
  A leopard gecko (D:1)
  3 orcs (D:3)
  A giant cockroach (D:2)
  6 goblins
  4 hobgoblins
  3 jackals (D:1)
  7 kobolds
  6 bats
  3 frilled lizards (D:1)
  7 rats
47 creatures vanquished.

Notes
Turn   | Place    | Note
-------+----------+-------------------------------------------
     0 | D:1      | kaesh the Formicid Fighter began the quest for the Orb.
     0 | D:1      | Reached XP level 1. HP: 18/18 MP: 1/1
   134 | D:1      | Reached XP level 2. HP: 24/24 MP: 2/2
   239 | D:1      | Reached skill level 4 in Shields
   246 | D:1      | Reached XP level 3. HP: 20/29 MP: 3/3
  1169 | D:2      | Found an iron altar of Okawaru.
  1320 | D:2      | Reached XP level 4. HP: 37/37 MP: 4/4
  1694 | D:3      | Found a hide-covered altar of Uskayaw.
  1734 | D:3      | Reached XP level 5. HP: 37/42 MP: 5/5
  1785 | D:3      | Noticed chorionicmirror's ghost (amateur DgCj)
  1799 | D:3      | HP: 2/42 [chorionicmirror's ghost/magic dart (4)]
  1804 | D:3      | Slain by chorionicmirror's ghost

Skill      XL: |  1  2  3  4 |
---------------+-------------+-----
Shields        | 4 |  4.5
Axes           | 3 |  3.4
Fighting       | |  3.7
Armour         | |  3.7
Dodging        | |  0.4

Action                   |  1- 3 |  4- 6 || total
-------------------------+-------+-------++-------
Melee: War axe           |    93 |    68 ||   161
  Use: Scroll            |     6 |     1 ||     7
       Potion            |     5 |       ||     5
  Eat: Chunk             |     1 |     2 ||     3
Armor: Scale mail        |    52 |    11 ||    63
       Skin              |     3 |       ||     3
Dodge: Dodged            |    28 |    10 ||    38
Block: Shield            |    39 |       ||    39
       Large shield      |    31 |    59 ||    90
